 Dungeon Crawl Stone Soup version 0.26-a0-597-gb535b0901c (webtiles) character file.

Game seed: 5675695990825625717

28 Alarkh the Insei (level 3, 28/28 HPs)
             Began as a Demonspawn Gladiator on Sept 12, 2020.
             Was a Believer of Nemelex Xobeh.
             Got out of the dungeon alive.
             The game lasted 00:01:55 (1056 turns).

Alarkh the Insei (Demonspawn Gladiator)             Turns: 1056, Time: 00:01:56

Health: 28/28      AC:  4    Str: 14    XL:     3   Next: 0%
Magic:  3/3        EV: 14    Int: 10    God:    Nemelex Xobeh [**....]
Gold:   49         SH:  0    Dex: 14    Spells: 2/2 levels left

rFire    . . .     SeeInvis .     - Unarmed
rCold    . . .     Faith    .   (no shield)
rNeg     . . .     Spirit   .   a - +0 leather armour
rPois    .         Reflect  .   b - +0 helmet
rElec    .         Harm     .   (no cloak)
rCorr    .                      (no gloves)
MR       .....                  (no boots)
Stlth    +.........             (no amulet)
HPRegen  0.09/turn              (no ring)
MPRegen  0.08/turn              (no ring)

@: no status effects
A: repulsion field 1, powered by pain 1
a: Draw Escape, Draw Destruction, Draw Summoning, Renounce Religion


You escaped.
You worshipped Nemelex Xobeh.
Nemelex Xobeh was pleased with you.
You visited 1 branch of the dungeon, and saw 2 of its levels.

You collected 49 gold pieces.

Inventory:

Missiles
 c - 4 throwing nets (quivered)
Armour
 a - a +0 leather armour (worn)
 b - a +0 helmet (worn)
Scrolls
 d - 2 scrolls of remove curse {unknown}
 f - 2 scrolls of amnesia {unknown}
Potions
 e - a potion of stabbing {unknown}
 g - 2 potions of degeneration {unknown}
 h - 2 potions of berserk rage {unknown}
 i - a potion of lignification {unknown}
 j - a potion of heal wounds {unknown}


   Skills:
 + Level 2.5 Fighting
 - Level 1.7 Throwing
 - Level 2.6 Dodging
 * Level 3.5 Unarmed Combat


You had 2 spell levels left.
You didn't know any spells.
Your spell library was empty.

Dungeon Overview and Level Annotations

Branches:
Dungeon (2/15)

Altars:
Nemelex Xobeh


Innate Abilities, Weirdness & Mutations

You are surrounded by a mild repulsion field. (EV +2)
You sometimes gain a little power by taking damage.


Message History

No target in view!
There is an open door here.
You see here a +0 club.
Found a stone staircase leading up.
A hobgoblin comes into view. It is wielding a +0 club.
A hobgoblin is nearby!
The hobgoblin shouts!
You hit the hobgoblin.
You kill the hobgoblin!
You have reached level 3!
Your experience leads to an increase in your attributes!
Increase (S)trength, (I)ntelligence, or (D)exterity?
You feel clever.
Your demonic ancestry asserts itself...
You begin to radiate repulsive energy.
There is a stone staircase leading up here.
You climb upwards.
There is a stone staircase leading down here.
There is a staircase leading out of the dungeon here.
Are you sure you want to leave the Dungeon?
This will make you lose the game!
You have escaped!

#.###.#........###..........#
#.# ..>..........(##
##.........###.#
#####.........#
#..............
..............##
##.......#.###..
######....)....###........#.#
#.. #....................#.#
#.. #...###.........###..#.#
#.# #..## ##.......## ##.#.#
#.# #..# #...@...# #...# #.#
#..# ##.......## ##...# #.#
#... #.........###....#
#....................#.# #.#
#.........###........#......
....##........##
##.......#####.. g...+
.......# #.......# #.. ....##
....... #.......# ##.. .....
.. #........# ##...


There were no monsters in sight!

Vanquished Creatures
  2 leopard geckos (D:2)
  A giant cockroach (D:2)
  3 goblins
  3 hobgoblins
  4 jackals (D:2)
  3 kobolds
  2 bats (D:2)
  A frilled lizard (D:1)
  3 rats
22 creatures vanquished.

Notes
Turn   | Place    | Note
-------+----------+-------------------------------------------
     0 | D:1      | Alarkh the Demonspawn Gladiator began the quest for the
                  | Orb.
     0 | D:1      | Reached XP level 1. HP: 16/16 MP: 1/1
   213 | D:1      | Reached skill level 3 in Unarmed Combat
   271 | D:1      | You fall into a shaft and drop 1 floor!
   279 | D:2      | Found a faded altar of an unknown god.
   296 | D:2      | Gained mutation: You sometimes gain a little power by
                  | taking damage. [demonic ancestry]
   296 | D:2      | Reached XP level 2. HP: 20/22 MP: 2/2
   310 | D:2      | Became a worshipper of Nemelex Xobeh the Trickster
   310 | D:2      | Received a gift from Nemelex Xobeh
   310 | D:2      | Reached * piety under Nemelex Xobeh
   360 | D:2      | Received a gift from Nemelex Xobeh
   974 | D:2      | Reached ** piety under Nemelex Xobeh
  1028 | D:2      | Gained mutation: You are surrounded by a mild repulsion
                  | field. (EV +2) [demonic ancestry]
  1028 | D:2      | Reached XP level 3. HP: 28/28 MP: 3/3
  1056 | D:$      | Got out of the dungeon alive.

Illustrated notes

Levels and vault maps discovered:
D:1:      minmay_arrival_four_circles, layout_basic
D:2:      layout_basic, chequers_ecumenical_altar_simple,
          serial_co_window_serial, co_window_paths_b, co_window_paths_a,
          co_window_paths_a, co_window_corner_a, co_window_corner_a,
          co_window_paths_b, co_window_of_opportunity_c,
          co_window_of_opportunity_b, co_window_2corner, co_window_paths_c,
          co_window_cross_3, co_window_2corner, co_window_cross_4,
          co_window_paths_d, glass_columns_b, glass_columns_c, glass_columns_a,
          glass_columns_b, glass_columns_a

Skill      XL: |  1 |
---------------+----+-----
Unarmed Combat | 3 |  3.5
Fighting       | |  2.5
Throwing       | |  1.7
Dodging        | |  2.6

Action                   || total
-------------------------++-------
Melee: Unarmed           ||    75
       Punch             ||     1
Invok: Draw Destruction  ||     6
Armor: Leather armour    ||    29
Dodge: Dodged            ||    55

Table legend: (Time is in decaauts)
 A = Elapsed time spent in this place.
 B = Non-inter-level travel time spent in this place.
 C = Inter-level travel time spent in this place.
 D = Time resting spent in this place.
 E = Time spent auto-exploring this place.
 F = Levels seen in this place.
 G = Mean time per level.
                   A        B        C        D        E       F      G
               +--------+--------+--------+--------+--------+-----+--------+
         Total |   1051 |   1027 |     24 |    154 |    713 |   2 |  525.5 |
       Dungeon |   1051 |   1027 |     24 |    154 |    713 |   2 |  525.5 |
               +--------+--------+--------+--------+--------+-----+--------+

Top non-repeatable levels by time:
     D:2: 765 daAuts
     D:1: 286 daAuts
